 Dungeon Crawl Stone Soup version 0.29-a0-330-g52719c12eb (webtiles) character file.

Game seed: 3095597633243685282

39 HoaS the Bolt Thrower (level 3, 0/21 HPs)
             Began as a Kobold Hunter on May 26, 2022.
             Succumbed to Terence's poison
             ... on level 2 of the Dungeon.
             The game lasted 00:02:54 (1069 turns).

HoaS the Bolt Thrower (Kobold Hunter)               Turns: 1069, Time: 00:02:55

Health: 0/21       AC:  4    Str:  8    XL:     3   Next: 67%
Magic:  3/3        EV: 14    Int: 10    God:
Gold:   118        SH:  0    Dex: 20    Spells: 2/2 levels left

rFire   . . .      SeeInvis .   a - +1 hand crossbow
rCold   . . .      Faith    .   (no shield)
rNeg    . . .      Spirit   .   b - +0 leather armour
rPois   .          Reflect  .   (no helmet)
rElec   .          Harm     .   h - +0 cloak
rCorr   .          Rampage  .   (no gloves)
Will    .....                   (no boots)
Stlth   +++.......              (no amulet)
HPRegen 0.07/turn               (no ring)
MPRegen 0.08/turn               (no ring)

@: lethally poisoned (0 -> -24)
A: small, no large weapons, nightstalker 3
a: no special abilities


You were on level 2 of the Dungeon.
You visited 1 branch of the dungeon, and saw 2 of its levels.

You collected 118 gold pieces.

Inventory:

Hand Weapons
 a - a +1 hand crossbow (weapon)
Armour
 b - a +0 leather armour (worn)
 h - a +0 cloak (worn)
Jewellery
 l - an amulet of magic regeneration
Scrolls
 c - a scroll of immolation
 e - 2 scrolls of fear {unknown}
 j - a scroll of vulnerability {unknown}
 k - a scroll of brand weapon {unknown}
 n - a scroll of blinking {unknown}
Potions
 d - a potion of haste {unknown}
 f - a potion of degeneration {unknown}
 g - a potion of heal wounds {unknown}
 i - a potion of invisibility {unknown}
 m - a potion of might {unknown}


   Skills:
 - Level 2.1 Fighting
 + Level 6.8 Crossbows
 - Level 2.4 Dodging
 - Level 1.3 Stealth


You had 2 spell levels left.
You didn't know any spells.
Your spell library was empty.

Dungeon Overview and Level Annotations

Branches:
Dungeon (2/15)

Altars:

Annotations:
D:2 Terence


Innate Abilities, Weirdness & Mutations

You are small and have problems with some larger weapons.
You are completely attuned to the shadows.


Message History

A dart slug comes into view.
Found a stone staircase leading up.
You shoot a bolt. The bolt hits the dart slug!
The dart slug is almost dead.
The dart slug misses you.
You shoot a bolt. The bolt hits the dart slug!
You kill the dart slug!
No target in view!
A goblin comes into view. It is wielding a +0 dagger.
The goblin moves out of view.
Found a stone staircase leading down.
You shoot a bolt. The bolt barely misses the goblin.
The goblin shouts!
You shoot a bolt. The bolt barely misses the goblin.
You shoot a bolt. The bolt hits the goblin!
You kill the goblin!
No target in view!
l - an amulet of magic regeneration;
m - a murky coppery potion
n - a scroll labelled TIYNOX KAOSOCK You now have 118 gold pieces (gained 10).
Things that are here:
a +0 dagger; a goblin corpse Terence the Incautious comes into view.
He is wielding a +5 trident of venom.
You shoot a bolt.
Terence shouts!
The bolt hits Terence.
Terence is lightly wounded.
Terence hits you from afar with a +5 trident of venom!
You are lethally poisoned!
Terence hits you from afar with a +5 trident of venom!
You are more poisoned.
You are too injured to fight recklessly!
You are too injured to fight recklessly!
You are too injured to fight recklessly!
Shoot: a) +1 hand crossbow
Press: ? - help, Q - select action Shift-Dir - straight line, f/p - Terence
Aim: Terence, wielding a +5 trident of venom and wearing a +0 ring mail (71% to hit)
You shoot a bolt. The bolt hits Terence.
Terence is lightly wounded.
You die...

. . ... #
#.# # #.#
###.#.#.#
.##.#....
....#...#
######
.##.....#
#..@..
###..#..#
#@# #
#.....#
#.##.#####
# #..##.#
#........#
###..##<#
####.###.#
.)......#
#.# #.#
###..####
#.###.####
#..#
#.........
#..#
####.#####
#..# #.#


You could see Terence.

Vanquished Creatures
  2 adders (D:2)
  A dart slug (D:2)
  A worm (D:2)
  A bat (D:2)
  2 endoplasms
  A goblin (D:2)
  2 hobgoblins (D:2)
  3 kobolds
  2 ball pythons
  2 rats
17 creatures vanquished.

Notes
Turn   | Place    | Note
-------+----------+-------------------------------------------
     0 | D:1      | HoaS the Kobold Hunter began the quest for the Orb.
     0 | D:1      | Reached XP level 1. HP: 12/12 MP: 1/1
   484 | D:1      | You fall into a shaft and drop 1 floor!
   520 | D:2      | Reached XP level 2. HP: 15/17 MP: 2/2
   556 | D:2      | Reached skill level 6 in Crossbows
   573 | D:2      | Reached XP level 3. HP: 21/21 MP: 3/3
  1067 | D:2      | Noticed Terence
  1069 | D:2      | Succumbed to Terence's poison

Illustrated notes

Levels and vault maps discovered:
D:1:      elethiomel_arrival_quiet, layout_loops_ring
D:2:      layout_loops_ring, shapermc_ecumenical_altar_venn, uniq_terence

Skill      XL: |  1  2 |
---------------+-------+-----
Crossbows      | 6 |  6.8
Fighting       | |  2.1
Dodging        | |  2.4
Stealth        | |  1.3

Action                   || total
-------------------------++-------
 Fire: Hand crossbow     ||    50
  Use: Scroll            ||     2
Armor: Leather armour    ||     5
Dodge: Dodged            ||    10

Table legend: (Time is in decaauts)
 A = Elapsed time spent in this place.
 B = Non-inter-level travel time spent in this place.
 C = Inter-level travel time spent in this place.
 D = Time resting spent in this place.
 E = Time spent auto-exploring this place.
 F = Levels seen in this place.
 G = Mean time per level.
                   A        B        C        D        E       F      G
               +--------+--------+--------+--------+--------+-----+--------+
         Total |   1080 |   1080 |      0 |     90 |    869 |   2 |  540.0 |
       Dungeon |   1080 |   1080 |      0 |     90 |    869 |   2 |  540.0 |
               +--------+--------+--------+--------+--------+-----+--------+

Top non-repeatable levels by time:
     D:2: 595 daAuts
     D:1: 485 daAuts
